 Dungeon Crawl Stone Soup version 0.29.1-15-g9cfb28693d (webtiles) character file.

Game seed: 8551280873010412693

139 MajorAdolf the Sneak (level 5, -3/45 HPs)
             Began as a Naga Wanderer on Apr 30, 2023.
             Slain by an ogre
             ... wielding a +0 giant club
              (10 damage)
             ... on level 4 of the Dungeon.
             The game lasted 00:05:59 (4011 turns).

MajorAdolf the Sneak (Naga Wanderer)                Turns: 4011, Time: 00:06:00

Health: -3/45      AC:  4    Str: 13    XL:     5   Next: 22%
Magic:  4/6        EV:  7    Int: 14    God:
Gold:   124        SH:  8    Dex: 12    Spells: 4/6 levels left

rFire   . . .      SeeInvis +   a - +2 dagger
rCold   . . .      Faith    .   n - +0 kite shield
rNeg    . . .      Spirit   .   e - +0 leather armour
rPois   +          Reflect  .   l - +1 hat
rElec   .          Harm     .   (no cloak)
rCorr   .          Rampage  .   (no gloves)
Will    .....                   (no barding)
Stlth   +++.......              (no amulet)
HPRegen 0.15/turn               (no ring)
MPRegen 0.10/turn               (no ring)

@: short of breath, very slow
A: AC +1, large, see invisible, deformed body, poison resistance, slowness 2,
spit poison 1, naga tail 1
a: Spit Poison


You were on level 4 of the Dungeon.
You visited 1 branch of the dungeon, and saw 4 of its levels.

You collected 124 gold pieces.

Inventory:

Hand Weapons
 a - a +2 dagger (weapon)
Armour
 c - a +0 buckler
 e - a +0 leather armour (worn)
 l - a +1 hat (worn)
 n - a +0 kite shield (worn)
Jewellery
 h - a ring of willpower
 j - a ring of protection from fire
Wands
 g - a wand of charming (2)
Scrolls
 b - a scroll of fear
 k - 2 scrolls of fog
 p - 2 scrolls of amnesia
Potions
 d - a potion of curing
 f - a potion of ambrosia {unknown}
 i - 2 potions of lignification {unknown}
 m - a potion of degeneration {unknown}
 r - a potion of heal wounds {unknown}
 s - a potion of cancellation {unknown}


   Skills:
 + Level 1.7 Fighting
 + Level 2.5 Short Blades
 + Level 7.3 Stealth
 + Level 2.4 Shields
 - Level 1.0 Spellcasting
 - Level 2.0 Necromancy
 - Level 1.0 Evocations


You had 4 spell levels left.
You knew the following spells:

 Your Spells              Type           Power      Damage    Failure   Level
a - Necrotise             Necr           24%        1d5       36%         1
b - Summon Small Mammal   Summ           0%         N/A       63%         1

Your spell library contained the following spells:

 Spells                   Type           Power      Damage    Failure   Level
 Apportation              Tloc           0%         N/A       63%         1
 Vampiric Draining        Necr           6%         2d6       73%         3


Dungeon Overview and Level Annotations

Branches:
Dungeon (4/15)
 Temple: D:4-7

Altars:

Shops:
D:2 (

Annotations:
D:3 Grinder


Innate Abilities, Weirdness & Mutations

Your serpentine skin is tough. (AC +1)
You have supernaturally acute eyesight. (SInv)
Armour fits poorly on your strangely shaped body.
Your system is resistant to poisons. (rPois)
You cover ground very slowly.
You can spit poison.
You have a snake-like lower body.


Message History

You hit the ogre.
The ogre is heavily wounded.
You block the ogre's attack.
You hit the ogre.
The ogre is heavily wounded.
You have got your breath back.
Aiming: Spit Poison (1% risk of failure)
Press: ? - help, Shift-Dir - straight line, f/p - ogre
Aim: an ogre, wielding a +0 giant club (heavily wounded, poisoned, 81% to hit)
The splash of poison hits the ogre.
The ogre looks even sicker.
The ogre is heavily wounded.
The ogre hits you with a +0 giant club!
Unknown command.
You hit the ogre.
The ogre is severely wounded.
The ogre closely misses you.
You barely miss the ogre.
The ogre is severely wounded.
You barely miss the ogre.
The ogre is severely wounded.
The ogre hits you with a +0 giant club!!
Ouch! That really hurt!
* * * LOW HITPOINT WARNING * * *
Your magical contamination has completely faded away.
The ogre attacks as you move away! You block the ogre's attack.
There is a shaft here.
You have got your breath back.
Aiming: Spit Poison (1% risk of failure)
Press: ? - help, Shift-Dir - straight line, f/p - ogre
Aim: an ogre, wielding a +0 giant club (severely wounded, poisoned, 81% to hit)
The splash of poison misses the ogre.
You block the ogre's attack.
Unknown command.
You hit the ogre.
The ogre is almost dead.
You hear the slow hiss of a very distant avalanche of sand.
The ogre barely misses you.
You completely miss the ogre.
The ogre is almost dead.
The ogre hits you with a +0 giant club!
You die...

#.# ... ##.#
#... #..# ##....
#..# #......
##..# ##.......
#...####.....#
#...###^.......#
... #.O.....## #
##..@#..##
#...#.#..#
##..###.#..#
#...# ###..#
##..## ##.#
##..## #. #..##
####.<# ##....##


You could see an ogre (poisoned).

Vanquished Creatures
  Ijyb (D:3)
  5 adders
  A worm (D:2)
  A dart slug (D:1)
  6 bats
  8 endoplasms
  12 giant cockroaches (D:2)
  A goblin (D:1)
  A hobgoblin (D:1)
  4 jackals (D:3)
  5 quokkas
  4 ball pythons
  3 frilled lizards
  4 kobolds
  3 rats
59 creatures vanquished.

Notes
Turn   | Place    | Note
-------+----------+-------------------------------------------
     0 | D:1      | MajorAdolf the Naga Wanderer began the quest for the Orb.
     0 | D:1      | MajorAdolf set off with the following items: a +2 dagger, a
                  | scroll of fear, a +0 buckler, a potion of curing, a +0
                  | leather armour; and the following spell memorised:
                  | Necrotise; and the following spells available to memorise:
                  | Vampiric Draining.
     0 | D:1      | Reached XP level 1. HP: 15/15 MP: 2/2
    18 | D:1      | Reached skill level 6 in Stealth
   123 | D:1      | Reached skill level 1 in Short Blades
   123 | D:1      | Reached XP level 2. HP: 21/22 MP: 1/3
   832 | D:1      | Reached XP level 3. HP: 28/28 MP: 4/4
  1617 | D:2      | Reached skill level 1 in Fighting
  1617 | D:2      | Reached XP level 4. HP: 19/38 MP: 0/5
  1825 | D:2      | Found Lunoom's Weapon Boutique.
  2061 | D:2      | Reached skill level 7 in Stealth
  2413 | D:2      | Learned a level 1 spell: Summon Small Mammal
  2746 | D:3      | Noticed Grinder
  2746 | D:3      | Paralysed by Grinder for 4 turns
  3769 | D:3      | Noticed Ijyb
  3800 | D:3      | Killed Ijyb
  3801 | D:3      | Reached XP level 5. HP: 26/45 MP: 0/6
  3994 | D:4      | Noticed an ogre
  4011 | D:4      | Slain by an ogre

Illustrated notes

Levels and vault maps discovered:
D:1:      heliophobic_arrival_ceremonial_halls, layout_loops_ring
D:2:      minmay_roachtagon, layout_loops_cross, serial_shops,
          nicolae_shop_waterfront, amethyst_killhole
D:3:      layout_basic, dreamdust_ecumenical_altar_statues, uniq_ijyb,
          uniq_grinder
D:4:      layout_cave_pods, chequers_ossuary_entry_cave

Skill      XL: |  1  2  3  4 |
---------------+-------------+-----
Stealth        | 6 7 |  7.3
Short Blades   | 1 2 |  2.5
Shields        | 2 |  2.4
Fighting       | 1 |  1.7
Spellcasting   | |  1.0
Necromancy     | |  2.0
Evocations     | |  1.0

Action                   |  1- 3 |  4- 6 || total
-------------------------+-------+-------++-------
Melee: Dagger            |    61 |   129 ||   190
 Cast: Necrotise         |    11 |     5 ||    16
       Summon Small Mamm |       |     3 ||     3
 Abil: Spit Poison       |     7 |    11 ||    18
  Use: Scroll            |       |     5 ||     5
 Stab: Sleeping          |    12 |     3 ||    15
Armor: Leather armour    |    23 |    45 ||    68
Dodge: Dodged            |    23 |    45 ||    68
Block: Buckler           |     6 |       ||     6
       Kite shield       |    12 |    62 ||    74
